 Dungeon Crawl Stone Soup version 0.32-a0-814-g0968bab981 (webtiles) character file.

Game seed: 18021383504507992072

85 zenocrate the Digger (level 4, -2/27 HPs)
             Began as an Octopode Earth Elementalist on Mar 23, 2024.
             Slain by Robin
             ... wielding a +0 spear
              (5 damage)
             ... on level 2 of the Dungeon.
             The game lasted 00:02:16 (1457 turns).

zenocrate the Digger (Octopode Earth Elementalist)  Turns: 1457, Time: 00:02:17

Health: -2/27      AC:  1    Str:  7    XL:     4   Next: 48%
Magic:  8/8        EV: 12    Int: 19    God:
Gold:   152        SH:  0    Dex: 12    Spells: 1/8 levels left

rFire   . . .        a - staff of alchemy
rCold   . . .        (no shield)
rNeg    . . .        (helmet restricted)
rPois   +            (no amulet)
rElec   .            (no ring)
rCorr   .            (no ring)
SInv    .            (no ring)
Will    .....        (no ring)
Stlth   +++          (no ring)
HPRegen 0.24/turn    (no ring)
MPRegen 0.11/turn    (no ring)
                     (no ring)

%: no passive effects
@: attractive, hasted, very quick
A: almost no armour, amphibious, 8 rings, camouflage 1, gelatinous body 1,
(nimble swimmer 1), tentacles
a: no special abilities


You were on level 2 of the Dungeon.
You visited 1 branch of the dungeon, and saw 2 of its levels.

You collected 152 gold pieces.

Inventory:

Magical Staves
 a - a staff of alchemy (weapon)
Wands
 l - a wand of flame (15)
Scrolls
 g - 2 scrolls of enchant armour {unknown}
 h - a scroll of revelation {unknown}
Potions
 b - a potion of enlightenment
 d - a potion of magic
 i - a potion of invisibility {unknown}
 j - a potion of brilliance {unknown}
 k - a potion of mutation {unknown}
 m - a potion of resistance {unknown}
 n - a potion of heal wounds {unknown}


   Skills:
 - Level 2.0 Dodging
 + Level 3.4 Stealth
 + Level 2.8 Spellcasting
 + Level 2.2 Conjurations
 + Level 3.7 Earth Magic


You had one spell level left.
You knew the following spells:

 Your Spells              Type           Power      Damage    Failure   Level
a - Sandblast             Erth           32%        2d9       3%          1
b - Stone Arrow           Conj/Erth      28%        3d8       14%         3
z - Passwall              Erth           16%        N/A       10%         3

Your spell library contained the following spells:

 Spells                   Type           Power      Damage    Failure   Level
 Brom's Barrelling Bould  Conj/Erth      14%        2d4       41%         4
 Petrify                  Alch/Erth      14%        N/A       58%         4


Dungeon Overview and Level Annotations

Branches:
Dungeon (2/15)

Altars:

Shops:
D:2 [[

Annotations:
D:2 rf++ or apport, Robin


Innate Abilities, Weirdness & Mutations

You cannot wear most types of armour.
You are amphibious.
You can wear up to eight rings at the same time.
Your skin changes colour to match your surroundings (Stealth+).
Your rubbery body absorbs attacks. (AC +1, EV +1)
((You are camouflaged when in or above water. (Stealth+)))
You have tentacles for arms and can constrict up to eight enemies at once.


Message History

You feel yourself speed up. The hobgoblin hits you.
The goblin completely misses you.
You feel better. The hobgoblin hits you! The goblin hits you with a +0 dagger.
Unknown command.
You hit the goblin. You grab the goblin. You squeeze the goblin.
You kill the goblin!
The hobgoblin closely misses you.
Unknown command.
You hit the hobgoblin but do no damage. You grab the hobgoblin.
You constrict the hobgoblin. Robin throws the goblin at you!
The goblin closely misses you.
Unknown command.
You miss the goblin. You grab the goblin. You constrict the hobgoblin.
You kill the hobgoblin!
You constrict the goblin.
Robin hits you from afar with a +0 spear.
* * * LOW HITPOINT WARNING * * *
The goblin hits you with a +0 club.
* * * LOW HITPOINT WARNING * * *
Unknown command.
You feel better.
You constrict the goblin.
You kill the goblin!
Robin closely misses you.
Things that are here:
a +0 dagger; a +0 club; a +0 dagger You closely miss Robin.
Your grab misses Robin. Your squeeze misses Robin.
Robin throws the goblin at you! The goblin hits you with a +0 club.
* * * LOW HITPOINT WARNING * * *
You hit Robin. You grab Robin.
Robin is lightly wounded.
You constrict Robin. Robin closely misses you.
The goblin hits you with a +0 club.
* * * LOW HITPOINT WARNING * * *
Unknown command.
Unknown command.
It was a potion of attraction.
You feel attractive to monsters.
You constrict Robin. Robin hits you with a +0 spear.
You die...
Robin calls out, "Let's celebrate!
Time for a feast!"

#.# ###.# ..#
####.#### .##
#.......# # # .#
#.##.##.# .#.. .# #
#.##.# g...# .#
#.##.####gg...# .#
#.....gg.gg...# ##
####.#g###g.#.# #.#@#
..# ..#g# # #####)..#
#### #. #.# ####
#########.. ..#
#......>#.# #.#
#.#####.#.######.####


You could see Robin, 2 hobgoblins and a goblin (strong).

Vanquished Creatures
  Terence (D:2)
  A dart slug (D:1)
  2 ribbon worms (D:2)
  3 endoplasms
  4 giant cockroaches (D:1)
  10 goblins
  4 hobgoblins
  3 kobolds
  A quokka (D:2)
  4 ball pythons (D:1)
  3 bats
  9 frilled lizards
  3 rats
48 creatures vanquished.

Vanquished Creatures (others)
  A goblin (D:2)
  A quokka (D:2)
2 creatures vanquished.

Grand Total: 50 creatures vanquished

Notes
Turn   | Place    | Note
-------+----------+-------------------------------------------
     0 | D:1      | zenocrate the Octopode Earth Elementalist began the quest
                  | for the Orb.
     0 | D:1      | Reached XP level 1. HP: 11/11 MP: 3/3
   106 | D:1      | Reached XP level 2. HP: 17/17 MP: 3/5
   534 | D:1      | Reached XP level 3. HP: 21/21 MP: 4/6
   538 | D:1      | Learned a level 3 spell: Stone Arrow
   894 | D:2      | Noticed Terence
   898 | D:2      | Killed Terence
   899 | D:2      | Reached XP level 4. HP: 27/27 MP: 4/8
   903 | D:2      | Learned a level 3 spell: Passwall
   983 | D:2      | Found Idgha's Armour Boutique.
  1239 | D:2      | Found Nuajilopn's Armour Emporium.
  1434 | D:2      | Noticed Robin
  1457 | D:2      | Slain by Robin

Illustrated notes

Levels and vault maps discovered:
D:1:      dpeg_arrival_rooms_b, layout_loops_ring, minmay_lizard_pond
D:2:      layout_loops_corners, serial_shops, shop, shop, shop,
          lemuel_flame_loot_1, uniq_robin, uniq_terence

Skill      XL: |  1  2  3 |
---------------+----------+-----
Stealth        | 3 |  3.4
Conjurations   | 2 |  2.2
Dodging        | |  2.0
Spellcasting   | |  2.8
Earth Magic    | |  3.7

Action                     |  1- 3 |  4- 6 || total
---------------------------+-------+-------++-------
  Melee: Unarmed           |     7 |       ||     7
         Constrict         |    13 |    10 ||    23
         Short sword       |    12 |       ||    12
         Tentacles         |     5 |     3 ||     8
         Staff             |    10 |    17 ||    27
   Cast: Sandblast         |    18 |    10 ||    28
    Use: Scroll            |     3 |       ||     3
         Potion            |       |     5 ||     5
   Stab: Sleeping          |     6 |     1 ||     7
 Armour: Skin              |     9 |    27 ||    36
  Dodge: Dodged            |    16 |    15 ||    31

Table legend: (Time is in decaauts)
 A = Elapsed time spent in this place.
 B = Non-inter-level travel time spent in this place.
 C = Inter-level travel time spent in this place.
 D = Time resting spent in this place.
 E = Time spent auto-exploring this place.
 F = Levels seen in this place.
 G = Mean time per level.
                   A        B        C        D        E       F      G
               +--------+--------+--------+--------+--------+-----+--------+
         Total |   1472 |   1446 |     26 |      0 |   1167 |   2 |  736.0 |
       Dungeon |   1472 |   1446 |     26 |      0 |   1167 |   2 |  736.0 |
               +--------+--------+--------+--------+--------+-----+--------+

Top non-repeatable levels by time:
     D:1: 823 daAuts
     D:2: 649 daAuts
